AoeStats
← Nonsohny

Arena

508009015Analyzed
3v3 RM · 11d ago on Sep 20, 2026· 45m 28s· 6 players
Game mode
Random Map
Map size
Normal (6 player)
Population
200
Speed
Normal
Resources
Standard
Victory
Conquest
Starting age
Dark Age
Ending age
Imperial Age
RankedLock teamsTeams togetherTeam positionsShared explorationLock speedFull tech treeHidden civsTurbo modeCheats
Victory
Defeat
🇩🇪 Khmer · Germany
706
+14
🇨🇳 Romans · China
696
+14
🇵🇭 Bulgarians · Philippines
616
+18
🇩🇪 Chinese · Germany
676
-16
🇩🇪 Goths · Germany
668
-16
🇪🇸 Vietnamese · Spain
621
-14
784f22fd
10:59 Feudal Age
14:55 Castle Age
14:34 Double-Bit Axe
22:59 Loom
38:10 Stone Mining
43:43 Imperial Age
41:04 Town Watch
41:54 Wheelbarrow
46:13 Siege Engineers
shakerL
0:27 Loom
11:37 Feudal Age
14:41 Castle Age
12:46 Double-Bit Axe
13:26 Gold Mining
13:32 Horse Collar
15:07 Wheelbarrow
15:40 Heavy Plow
16:00 Bow Saw
22:35 Hand Cart
23:52 Loom
24:34 Town Watch
26:10 Gold Shaft Mining
25:26 Stone Mining
25:53 Caravan
26:37 Scale Barding Armor
26:42 Forging
27:10 Town Patrol
28:23 Chain Barding Armor
28:10 Husbandry
32:35 Imperial Age
32:06 Iron Casting
32:42 Stone Shaft Mining
33:10 Bloodlines
33:33 Elite Battle Elephant
34:51 Plate Barding Armor
35:17 Blast Furnace
37:41 Tusk Swords
37:56 Scale Mail Armor
37:47 Fletching
40:26 Chemistry
39:47 Ballistics
40:19 Pikeman
40:44 Arson
41:57 Halberdier
43:00 Padded Archer Armor
42:55 Bodkin Arrow
43:16 Chain Mail Armor
43:16 Fortified Wall
43:02 Murder Holes
43:17 Clinker Construction
Maki
1:23 Loom
12:09 Feudal Age
13:25 Wheelbarrow
12:39 Double-Bit Axe
13:12 Horse Collar
19:27 Castle Age
17:46 Gold Mining
18:20 Stone Mining
20:40 Bow Saw
22:42 Hand Cart
33:38 Caravan
34:13 Coinage
38:55 Imperial Age
36:28 Heavy Plow
37:07 Stone Shaft Mining
37:28 Pikeman
38:12 Squires
38:25 Forging
38:16 Padded Archer Armor
38:07 Fletching
38:23 Scale Barding Armor
38:18 Scale Mail Armor
39:14 Stirrups
39:31 Halberdier
40:46 Conscription
41:35 Banking
41:47 Elite Konnik
43:32 Crop Rotation
SpryPenguin2814
2:42 Loom
11:24 Feudal Age
12:55 Wheelbarrow
12:09 Double-Bit Axe
12:08 Horse Collar
14:07 Gold Mining
14:09 Stone Mining
33:05 Castle Age
41:02 Heavy Plow
43:26 Bow Saw
Nonsohny
1:02 Loom
13:51 Feudal Age
15:24 Loom
15:27 Town Watch
16:18 Wheelbarrow
15:49 Double-Bit Axe
16:00 Horse Collar
18:37 Gold Mining
18:37 Stone Mining
19:51 Scale Mail Armor
22:36 Castle Age
20:57 Loom
21:48 Forging
22:09 Man-at-Arms
25:32 Squires
28:35 Bow Saw
28:34 Heavy Plow
29:15 Caravan
30:45 Chain Mail Armor
32:29 Long Swordsman
32:29 Pikeman
36:18 Town Patrol
38:08 Stone Shaft Mining
40:19 Imperial Age
38:05 Hand Cart
38:13 Hand Cart
41:47 Conscription
43:00 Conscription
42:54 Perfusion
44:00 Two-Handed Swordsman
44:53 Guilds
44:22 Halberdier
nonsohny
13:52 Feudal Age
15:10 Wheelbarrow
15:59 Double-Bit Axe
15:56 Horse Collar
24:36 Castle Age
27:13 Caravan
28:22 Fletching
28:32 Padded Archer Armor
30:14 Hand Cart
38:51 Bow Saw
Connection lost

Rejoining the realm…

Still unreachable

The connection could not be restored.

Session expired

The server has moved on; the page needs a fresh start.